 Dungeon Crawl Stone Soup version 0.27-a0-531-gb72ec1a1b6 (webtiles) character file.

Game seed: 13837992361731613652

7220 orgron the Spear-Bearer (level 11, 0/89 HPs)
             Began as a Merfolk Gladiator on Mar 5, 2021.
             Was an Elder of Okawaru.
             Succumbed to a killer bee's poison
             ... on level 9 of the Dungeon.
             The game lasted 00:15:22 (11406 turns).

orgron the Spear-Bearer (Merfolk Gladiator)        Turns: 11406, Time: 00:15:23

Health: 0/89       AC:  7    Str: 17    XL:     11   Next: 11%
Magic:  11/11      EV: 16    Int: 12    God:    Okawaru [****..]
Gold:   590        SH:  0    Dex: 16    Spells: 10/10 levels left

rFire    . . .     SeeInvis .   x - +7 spear of Rub Quw {freeze, Int+4}
rCold    . . .     Faith    .   (no shield)
rNeg     . . .     Spirit   .   b - +0 leather armour
rPois    .         Reflect  .   c - +0 helmet
rElec    .         Harm     .   B - +0 cloak
rCorr    .         Rampage  .   (no gloves)
Will     .....                  p - +0 pair of boots
Stlth    +++.......             (no amulet)
HPRegen  0.24/turn              (no ring)
MPRegen  0.12/turn              (no ring)

@: mighty, lethally poisoned (0 -> -15)
A: change form in water, amphibious, nimble swimmer 2
a: Renounce Religion, Heroism


You were on level 9 of the Dungeon.
You worshipped Okawaru.
Okawaru was greatly pleased with you.
You visited 1 branch of the dungeon, and saw 10 of its levels.

You collected 590 gold pieces.

Inventory:

Hand Weapons
 a - a +0 trident
 x - the +7 spear of Rub Quw (weapon) {freeze, Int+4}
   (You found it on level 4 of the Dungeon)

   It has been specially enchanted to freeze those struck by it, causing extra
   injury to most foes and up to half again as much damage against particularly
   susceptible opponents.
   It can also slow down cold-blooded creatures.
   It affects your intelligence (+4).
Missiles
 d - 6 throwing nets (quivered)
Armour
 b - a +0 leather armour (worn)
 c - a +0 helmet (worn)
 p - a +0 pair of boots (worn)
 B - a +0 cloak (worn)
 R - a +1 scale mail of cold resistance
Jewellery
 f - a ring of ice
 o - an amulet of the acrobat
 y - a +6 ring of strength
 z - an amulet of regeneration
 C - a ring of willpower
 O - a ring of ice
 Q - an amulet of magic regeneration
Wands
 m - a wand of iceblast (21)
 u - a wand of digging (5)
 L - a wand of flame (13)
Scrolls
 g - 10 scrolls of identify
 h - 4 scrolls of magic mapping
 j - a scroll of torment {unknown}
 n - a scroll of noise {unknown}
 v - 7 scrolls of teleportation {unknown}
 E - a scroll of immolation {unknown}
 F - a scroll of vulnerability {unknown}
 H - 4 scrolls of amnesia {unknown}
 I - a scroll of silence {unknown}
 J - a scroll of enchant weapon {unknown}
 K - 2 scrolls of enchant armour {unknown}
 M - 3 scrolls of fear {unknown}
 N - a scroll of brand weapon {unknown}
 P - a scroll of fog {unknown}
Potions
 e - a potion of attraction
 i - a potion of degeneration {unknown}
 k - 2 potions of invisibility {unknown}
 l - a potion of brilliance {unknown}
 q - 3 potions of haste
 r - a potion of ambrosia {unknown}
 s - a potion of might
 t - a potion of cancellation {unknown}
 w - a potion of heal wounds {unknown}
 A - a potion of resistance {unknown}
 D - a potion of magic {unknown}
 G - a potion of flight {unknown}


   Skills:
 + Level 9.0 Fighting
 + Level 14.5 Polearms
 - Level 2.0 Throwing
 + Level 4.3 Armour
 + Level 9.1 Dodging
 + Level 7.3 Stealth


You had 10 spell levels left.
You didn't know any spells.
Your spell library contained the following spells:

 Spells                   Type           Power      Damage    Failure   Level
 Foxfire                  Conj/Fire      0%         2x1d4     36%         1
 Magic Dart               Conj           0%         1d3       36%         1
 Sting                    Tmut/Pois      0%         1d3       36%         1
 Poisonous Vapours        Pois/Air       0%         N/A       52%         2
 Searing Ray              Conj           0%         3d3       52%         2
 Conjure Flame            Conj/Fire      0%         6-21      75%         3
 Dazzling Flash           Conj/Hex       0%         N/A       75%         3
 Ignite Poison            Fire/Tmut/Pois 0%         N/A       75%         3
 Inner Flame              Hex/Fire       0%         N/A       75%         3
 Mephitic Cloud           Conj/Pois/Air  0%         N/A       75%         3
 Fulminant Prism          Conj/Hex       0%         3d6       98%         4
 Iskenderun's Mystic Bla  Conj/Tloc      0%         2d3       98%         4
 Olgreb's Toxic Radiance  Pois           0%         N/A       98%         4
 Sticky Flame             Conj/Fire      0%         2d3       98%         4
 Bolt of Magma            Conj/Fire/Erth 0%         4d4       100%        5
 Fireball                 Conj/Fire      0%         3d3       100%        5
 Iskenderun's Battlesphe  Conj           0%         2d6       100%        5
 Iron Shot                Conj/Erth      0%         9d1       100%        6
 Orb of Destruction       Conj           0%         N/A       100%        7
 Spellforged Servitor     Conj/Summ      0%         N/A       100%        7


Dungeon Overview and Level Annotations

Branches:
Dungeon (10/15)            Temple (0/1) D:7            Lair (0/6) D:8
    Orc: D:9-12

Altars:
Okawaru
Qazlal
Ru
Uskayaw
Vehumet
Xom

Annotations:
D:9 1 runed translucent door, UristMcRaven's ghost, novice VSEE


Innate Abilities, Weirdness & Mutations

You revert to your normal form in water.
You are amphibious.
You are quick and stealthy while swimming. (Stealth+, EV+, Speed+++)


Message History

The killer bee stings you but does no damage.
The killer bee stings you.
* * * LOW HITPOINT WARNING * * *
You puncture the killer bee! You freeze the killer bee.
You kill the killer bee!
Okawaru accepts your kill.
You feel sick. The killer bee barely misses you.
The killer bee closely misses you.
You puncture the killer bee! You freeze the killer bee.
The killer bee is heavily wounded.
The killer bee closely misses you. The killer bee completely misses you.
You miss the killer bee.
The killer bee is heavily wounded.
You feel sick. The killer bee stings you.
* * * LOW HITPOINT WARNING * * *
You are more poisoned.
The killer bee poisons you! The killer bee closely misses you.
You hit the killer bee but do no damage.
The killer bee is heavily wounded.
The killer bee stings you!
* * * LOW HITPOINT WARNING * * *
You are more poisoned.
The killer bee poisons you! The killer bee closely misses you.
You puncture the killer bee! You freeze the killer bee.
You kill the killer bee!
Okawaru accepts your kill.
* * * LOW HITPOINT WARNING * * *
You feel sick. The killer bee closely misses you.
You puncture the killer bee! You freeze the killer bee.
The killer bee is almost dead.
* * * LOW HITPOINT WARNING * * *
You feel sick. The killer bee barely misses you.
It was a potion of might.
You feel very mighty all of a sudden.
* * * LOW HITPOINT WARNING * * *
You feel sick.
The killer bee stings you but does no damage. x2
You closely miss the killer bee.
The killer bee is almost dead.
You die...

#.#........#..........#......
#.'...)....#..#'###...#......
#.#.......##..#...#...######'
#.+.......#...#...#..........
#.#....####...#...#..........
#.##+###.##...#...#..........
#.....#W_(#...#...#..........
#.....##+##.y.#####..........
#...........@................
#............................
#..........########'#........
#..........#........#........
#......#####........#....####
#......#............#..###...
#####......#............#..#.....
...........#............#..#.....
########...#...<........#..#.....


You could see a killer bee and UristMcRaven's ghost (wandering).

Vanquished Creatures
  Harold (D:9)
  A two-headed ogre (D:9)
  A hornet (D:8)
  Sigmund (D:3)
  3 steam dragons
  Grum (D:8)
  2 orc warriors
  A water moccasin (D:9)
  2 black bears (D:8)
  2 sky beasts
  6 ice beasts
  4 ogres
  4 centaurs
  3 wolves (D:8)
  3 phantoms
  A kobold brigand (D:10)
  6 bullfrogs
  3 scorpions
  24 killer bees
  4 wights (D:7)
  A bullfrog zombie (D:6)
  2 hounds
  3 jellies
  A bullfrog skeleton (D:4)
  2 orc priests
  A centaur skeleton (D:4)
  2 iguanas
  Ijyb (D:3)
  2 orc wizards (D:6)
  4 worker ants
  2 hound zombies
  A hound skeleton (D:5)
  A worker ant zombie (D:9)
  3 gnolls (D:5)
  9 adders
  A shadow imp (D:6)
  3 white imps
  3 ufetubi
  An ooze (D:4)
  An adder skeleton (D:4)
  4 worms
  A dart slug (D:2)
  12 leopard geckos
  18 orcs
  9 bats
  3 giant cockroaches
  3 goblins
  10 hobgoblins
  12 jackals
  10 kobolds
  4 quokkas
  4 frilled lizards
  A jackal skeleton (D:4)
  A quokka skeleton (D:5)
  3 rats
212 creatures vanquished.

Vanquished Creatures (others)
  15 fungi (D:8)
  14 plants (D:8)
29 creatures vanquished.

Grand Total: 241 creatures vanquished

Notes
Turn   | Place    | Note
-------+----------+-------------------------------------------
     0 | D:1      | orgron the Merfolk Gladiator began the quest for the Orb.
     0 | D:1      | Reached XP level 1. HP: 16/16 MP: 1/1
   102 | D:1      | Reached XP level 2. HP: 11/22 MP: 2/2
   293 | D:1      | Reached skill level 5 in Polearms
   529 | D:1      | Reached XP level 3. HP: 22/28 MP: 3/3
  1553 | D:2      | Reached XP level 4. HP: 34/34 MP: 4/4
  2193 | D:3      | Noticed Sigmund
  2211 | D:3      | Killed Sigmund
  2212 | D:3      | Reached skill level 7 in Polearms
  2212 | D:3      | Reached skill level 1 in Armour
  2212 | D:3      | Reached skill level 5 in Dodging
  2212 | D:3      | Reached skill level 1 in Stealth
  2212 | D:3      | Reached XP level 5. HP: 26/41 MP: 5/5
  2212 | D:3      | Reached XP level 6. HP: 29/47 MP: 6/6
  2820 | D:3      | Noticed Ijyb
  2827 | D:3      | Killed Ijyb
  3189 | D:4      | Reached skill level 8 in Polearms
  3865 | D:4      | Reached XP level 7. HP: 53/53 MP: 7/7
  3936 | D:4      | Identified the +7 spear of Rub Quw {freeze, Int+4}
  4261 | D:5      | Entered Level 5 of the Dungeon
  4278 | D:5      | Reached skill level 9 in Polearms
  4580 | D:5      | Reached XP level 8. HP: 45/61 MP: 8/8
  4774 | D:5      | Reached skill level 10 in Polearms
  5637 | D:6      | Reached skill level 11 in Polearms
  5780 | D:6      | Found a stormy altar of Qazlal.
  5780 | D:6      | Found an iron altar of Okawaru.
  5788 | D:6      | Became a worshipper of Warmaster Okawaru
  5809 | D:6      | Reached skill level 5 in Fighting
  6045 | D:6      | Reached XP level 9. HP: 68/68 MP: 9/9
  6046 | D:6      | Found a sacrificial altar of Ru.
  6706 | D:7      | Found a staircase to the Ecumenical Temple.
  6716 | D:7      | Reached * piety under Okawaru
  6732 | D:7      | Reached skill level 12 in Polearms
  7486 | D:8      | Reached ** piety under Okawaru
  7522 | D:8      | Reached skill level 13 in Polearms
  7562 | D:8      | Noticed a hornet
  7575 | D:8      | Killed a hornet
  7576 | D:8      | Reached skill level 5 in Stealth
  7576 | D:8      | Noticed Grum
  7594 | D:8      | Reached XP level 10. HP: 8/77 MP: 10/10
  7879 | D:8      | Killed Grum
  8170 | D:8      | Found a staircase to the Lair.
  8356 | D:8      | Reached *** piety under Okawaru
  8510 | D:8      | HP: 3/80 [killer bee (3)]
  9082 | D:8      | Found a radiant altar of Vehumet.
  9175 | D:8      | Reached skill level 14 in Polearms
  9850 | D:9      | Noticed a +0 hand axe
  9850 | D:9      | Noticed a +0 dagger
  9853 | D:9      | Found a hide-covered altar of Uskayaw.
 10076 | D:9      | Noticed a two-headed ogre
 10090 | D:9      | Killed a two-headed ogre
 10090 | D:9      | Reached **** piety under Okawaru
 10284 | D:9      | Found a runed translucent door.
 10285 | D:9      | Found a shimmering altar of Xom.
 10285 | D:9      | Noticed UristMcRaven's ghost (novice VSEE)
 10286 | D:9      | Noticed a +1 scimitar of chaos
 10302 | D:9      | Noticed Harold
 10336 | D:9      | Killed Harold
 10337 | D:9      | Reached XP level 11. HP: 26/87 MP: 11/11
 10945 | D:10     | Entered Level 10 of the Dungeon
 11366 | D:10     | Noticed a white ugly thing
 11403 | D:9      | HP: 4/89 [poisoned by a killer bee]
 11405 | D:9      | HP: 1/89 [poisoned by a killer bee]
 11406 | D:9      | Succumbed to a killer bee's poison

Illustrated notes

Levels and vault maps discovered:
D:1:      roderic_crossed_star, layout_basic, minmay_domino_4
D:2:      layout_loops_ring, minmay_fractal_squares_5
D:3:      layout_basic, minmay_close_crescents, uniq_sigmund, uniq_ijyb
D:4:      layout_basic, fountainhead
D:5:      layout_rooms
D:6:      layout_layer_cave, chequers_temple_overflow_statue_of_worship,
          nicolae_ru_awakened_eye
D:7:      layout_basic, minmay_temple_entry_drinking_statues, st_stairs_2
D:8:      kennysheep_steamy, layout_basic, general_overflow_altar,
          grunt_lair_entry_orc_guard_hut, uniq_grum
D:9:      layout_irregular_city, dancing_weapons_uskayaw, ebering_ghost_xom,
          uniq_harold
D:10:     gammafunk_indiana_jones, layout_stronghold, orc_0_dummy

Skill      XL: |  1  2  3  4  5  6  7  8  9 10 11 |
---------------+----------------------------------+-----
Polearms       | 5 7 8 9 11 13 14 | 14.5
Fighting       | 3 4 5 6 8 9 |  9.0
Armour         | 1 2 3 4 |  4.3
Dodging        | 5 6 7 9 |  9.1
Stealth        | 1 2 3 5 7 |  7.3
Throwing       | |  2.0

Action                   |  1- 3 |  4- 6 |  7- 9 | 10-12 || total
-------------------------+-------+-------+-------+-------++-------
Melee: Trident           |   134 |   179 |    11 |       ||   324
       Spear             |       |       |   315 |   257 ||   572
Throw: Throwing net      |       |     3 |       |       ||     3
  Use: Scroll            |       |     1 |       |     3 ||     4
       Potion            |       |       |       |     4 ||     4
 Stab: Held in net/web   |       |     2 |       |       ||     2
       Sleeping          |       |     1 |     6 |     7 ||    14
       Distracted        |       |     1 |       |     1 ||     2
Armor: Leather armour    |    38 |    30 |    26 |    45 ||   139
Dodge: Dodged            |   114 |    94 |   117 |   147 ||   472

Table legend: (Time is in decaauts)
 A = Elapsed time spent in this place.
 B = Non-inter-level travel time spent in this place.
 C = Inter-level travel time spent in this place.
 D = Time resting spent in this place.
 E = Time spent auto-exploring this place.
 F = Levels seen in this place.
 G = Mean time per level.
                   A        B        C        D        E       F      G
               +--------+--------+--------+--------+--------+-----+--------+
         Total |  11145 |  10970 |    175 |   2714 |   6968 |  10 | 1114.5 |
       Dungeon |  11145 |  10970 |    175 |   2714 |   6968 |  10 | 1114.5 |
               +--------+--------+--------+--------+--------+-----+--------+

Top non-repeatable levels by time:
     D:8: 2198 daAuts
     D:6: 1594 daAuts
     D:4: 1166 daAuts
     D:9: 1146 daAuts
     D:2: 1089 daAuts
     D:1: 1078 daAuts
     D:3: 911 daAuts
     D:5: 775 daAuts
     D:7: 726 daAuts
    D:10: 458 daAuts
